 Dungeon Crawl Stone Soup version 0.29.0-4-gdea44cf6ec (webtiles) character file.

Game seed: 7373734302255599712

12 qw the Vexing (level 2, 0/27 HPs)
             Began as an Ogre Enchanter on Sept 4, 2022.
             Slain by an adder (3 damage)
             ... on level 2 of the Dungeon.
             The game lasted 00:00:32 (1077 turns).

qw the Vexing (Ogre Enchanter)                      Turns: 1077, Time: 00:00:33

Health: 0/27       AC:  3    Str: 11    XL:     2   Next: 33%
Magic:  5/5        EV:  9    Int: 16    God:
Gold:   0          SH:  0    Dex:  9    Spells: 5/5 levels left

rFire   . . .      SeeInvis .   Y - +0 whip
rCold   . . .      Faith    .   (no shield)
rNeg    . . .      Spirit   .   b - +0 robe
rPois   .          Reflect  .   (helmet restricted)
rElec   .          Harm     .   (no cloak)
rCorr   .          Rampage  .   (gloves unavailable)
Will    .....                   (boots unavailable)
Stlth   ++........              (no amulet)
HPRegen 0.09/turn               (no ring)
MPRegen 0.09/turn               (no ring)

@: no status effects
A: large, unfitting armour, tough skin 1
a: no special abilities


You were on level 2 of the Dungeon.
You visited 1 branch of the dungeon, and saw 2 of its levels.


Innate Abilities, Weirdness & Mutations

You are too large for most types of armour.
You have tough skin. (AC +1)


   Skills:
 - Level 1.0 Fighting
 - Level 0.8 Short Blades
 + Level 1.6 Axes
 - Level 1.7 Dodging
 - Level 2.1 Stealth
 - Level 2.4 Spellcasting
 - Level 2.6 Hexes


You had 5 spell levels left.
You didn't know any spells.
Your spell library contained the following spells:

 Spells                   Type           Power      Damage    Failure   Level
 Ensorcelled Hibernation  Hex/Ice        12%        N/A       17%         2
 Confusing Touch          Hex            10%        N/A       21%         3
 Tukima's Dance           Hex            10%        N/A       21%         3
 Dazzling Flash           Conj/Hex       12%        N/A       34%         3

Inventory:

Hand Weapons
 Y - a +0 whip (weapon)
Armour
 b - a +0 robe (worn)
Potions
 a - a potion of curing {unknown}
 e - a potion of berserk rage {unknown}
 f - a potion of cancellation

Dungeon Overview and Level Annotations

Branches:
Dungeon (2/15)

Altars:


Message History

The adder barely misses you. The adder closely misses you.
You closely miss the adder. The adder bites you.
You are poisoned.
The adder poisons you!
You barely miss the adder.
You feel sick. The adder barely misses you.
You closely miss the adder.
You feel sick. The adder bites you but does no damage. The adder bites you.
You hit the adder but do no damage.
You feel sick. The adder bites you.
You miss the adder.
You feel sick. The adder bites you but does no damage.
You barely miss the adder.
You feel sick. The adder misses you. The adder closely misses you.
You closely miss the adder.
You feel sick.
You are no longer poisoned.
The adder barely misses you.
You barely miss the adder. The adder closely misses you. The adder bites you.
You closely miss the adder. The adder closely misses you.
You miss the adder. Your punch misses the adder. The adder bites you.
You are poisoned.
The adder poisons you!
You barely miss the adder.
You feel sick. The adder completely misses you.
An endoplasm comes into view.
The adder bites you but does no damage.
You miss the adder.
You feel sick. The adder bites you but does no damage.
1076 ||| Stepping ~*~*~tactically~*~*~ (outnumbered).
You feel sick.
You are no longer poisoned.
The endoplasm hits you.
You hit the adder but do no damage. The adder bites you.
You die...

#### # ....#
###. ....[ ##...
...... ##..###
......##..# )##
..........# $.
.......<..##B#
......##..@#'#.#
..... #.#JS...#
.... #.#####.#
... #.. .. ##. .
##


You could see an adder and an endoplasm.

Vanquished Creatures
  A dart slug (D:1)
  2 ball pythons (D:1)
  A bat (D:1)
  An endoplasm (D:1)
  A giant cockroach (D:1)
  A frilled lizard (D:1)
  A kobold (D:1)
  2 rats (D:1)
10 creatures vanquished.

Notes
Turn   | Place    | Note
-------+----------+-------------------------------------------
     0 | D:1      | qw the Ogre Enchanter began the quest for the Orb.
     0 | D:1      | Reached XP level 1. HP: 16/16 MP: 3/3
     0 | D:1      | 0 ||| qw: Version: 0.1-a-102-g441f92d
     0 | D:1      | 0 ||| qw: Game counter: 5308
     0 | D:1      | 0 ||| qw: Always use a shield: true
     0 | D:1      | 0 ||| qw: God list: Okawaru
     0 | D:1      | 0 ||| qw: Allow faded altars: false
     0 | D:1      | 0 ||| qw: Do Orc after D:15 true
     0 | D:1      | 0 ||| qw: Do second Lair branch before Depths: true
     0 | D:1      | 0 ||| qw: Lair rune preference: random
     0 | D:1      | 0 ||| qw: Plans: Normal
     0 | D:1      | 0 ||| PLANNING D:1-11
   480 | D:1      | Reached skill level 1 in Axes
   598 | D:1      | 598 ||| SWAPPING to +0 whip.
   599 | D:1      | 599 ||| DROPPING +1 dagger.
   600 | D:1      | 600 ||| DROPPING +0 short sword.
   610 | D:1      | Reached skill level 1 in Fighting
   636 | D:1      | Reached XP level 2. HP: 15/27 MP: 5/5
   865 | D:1      | 865 ||| Stepping ~*~*~tactically~*~*~ (stealth).
   884 | D:1      | 884 ||| Stepping ~*~*~tactically~*~*~ (stealth).
   885 | D:1      | 885 ||| Stepping ~*~*~tactically~*~*~ (stealth).
  1020 | D:1      | 1020 ||| READING scroll labelled SOLLUSH IRIBBA.
  1021 | D:1      | 1021 ||| DRINKING 2 sapphire potions.
  1022 | D:1      | 1022 ||| DROPPING 2 potions of invisibility.
  1075 | D:2      | HP: 5/27 [poisoned by an adder]
  1076 | D:2      | 1076 ||| Stepping ~*~*~tactically~*~*~ (outnumbered).
  1076 | D:2      | HP: 2/27 [endoplasm (2)]
  1077 | D:2      | Slain by an adder

Levels and vault maps discovered:
D:1:      dpeg_arrival_rooms_c, layout_loops_ring, minmay_pentomino_u2
D:2:      layout_rooms, minmay_joined_circles

Skill      XL: |  1 |
---------------+----+-----
Axes           | 1 |  1.6
Fighting       | 1 |  1.0
Short Blades   | |  0.8
Dodging        | |  1.7
Stealth        | |  2.1
Spellcasting   | |  2.4
Hexes          | |  2.6

Action                   || total
-------------------------++-------
Melee: Dagger            ||    30
       Whip              ||    46
  Use: Scroll            ||     1
       Potion            ||     1
 Stab: Sleeping          ||     1
Armor: Robe              ||    25
Dodge: Dodged            ||    33

Table legend:
 A = Non-vault XP
 B = Vault XP
 C = Vault XP percentage of total XP
 D = Non-vault monster count
 E = Vault monster count
 F = Vault count percentage of total count
                 A         B        C        D         E       F
            +---------+---------+-------+---------+---------+-------
      Total |      17 |       1 |   5.6 |       9 |       1 |  10.0
            +---------+---------+-------+---------+---------+-------
        D:1 |      17 |       1 |   5.6 |       9 |       1 |  10.0
            +---------+---------+-------+---------+---------+-------
